 Dungeon Crawl Stone Soup version 0.26.0-9-gab577f9fc5 (webtiles) character file.

Game seed: 15141783022448339942

2891 BOMJPIETVODKU the Spear-Bearer (level 9, -4/70 HPs)
             Began as a Hill Orc Fighter on Jan 13, 2021.
             Was an Initiate of Gozag.
             Slain by a sixfirhy (12 damage)
             ... summoned by Xom
             ... in a bailey.
             The game lasted 01:02:13 (6392 turns).

BOMJPIETVODKU the Spear-Bearer (Hill Orc Fighter)   Turns: 6392, Time: 01:02:16

Health: -4/70      AC: 16    Str: 23 (24) XL:     9   Next: 77%
Magic:  9/9        EV: 10    Int:  5 (8)  God:    Gozag
Gold:   1020       SH: 10    Dex:  8 (11) Spells: 8/8 levels left

rFire    . . .     SeeInvis .   z - +6 spear (curse)
rCold    . . .     Faith    .   c - +0 kite shield
rNeg     . . .     Spirit   .   r - +0 chain mail (curse)
rPois    .         Reflect  .   (no helmet)
rElec    .         Harm     .   s - +0 cloak
rCorr    .         Rampage  .   j - +1 pair of gloves {Dex+3}
Will     .....                  B - +0 pair of boots
Stlth    ..........             C - amulet of magic regeneration
HPRegen  0.61/turn              y - +4 ring of evasion
MPRegen  0.36/turn              D - ring of flight

@: no status effects
A: thin metallic scales 1, camouflage 1, clumsy 1, frail 1, regeneration 1,
strong 1
a: Renounce Religion, Evoke Flight, Potion Petition, Call Merchant, Bribe Branch


You were in a bailey.
You worshipped Gozag.
Gozag was most pleased with you.
You visited 1 branch of the dungeon, and saw 7 of its levels.
You also visited: Bailey.

You collected 1054 gold pieces.
You paid 34 gold pieces to Gozag.

Inventory:

Hand Weapons
 a - a +1 trident
 z - a cursed +6 spear (weapon)
 G - a +0 whip
Missiles
 d - 4 throwing nets
 e - 10 boomerangs
 h - 110 stones (quivered)
 q - 7 curare-tipped darts
Armour
 c - a +0 kite shield (worn)
 j - a +1 pair of gloves of dexterity (worn)
 k - a +0 chain mail
 r - a cursed +0 chain mail (worn)
 s - a +0 cloak (worn)
 B - a +0 pair of boots (worn)
 H - a +0 robe
Magical Staves
 l - an uncursed staff of conjuration
Jewellery
 y - a +4 ring of evasion (left hand)
 C - an amulet of magic regeneration (around neck)
 D - a ring of flight (right hand)
Wands
 t - a wand of enslavement (12)
 E - a wand of disintegration (16)
Scrolls
 b - 3 scrolls of remove curse
 f - 2 scrolls of noise {unknown}
 g - 9 scrolls of identify
 i - 2 scrolls of teleportation
 n - a scroll of fear
 o - a scroll of vulnerability {unknown}
 u - a scroll of random uselessness {unknown}
 w - 3 scrolls of amnesia {unknown}
Potions
 m - 3 potions of magic
 v - a potion of attraction
 A - a potion of degeneration
 F - a potion of brilliance
 I - 4 potions of flight


   Skills:
 + Level 6.6 Fighting
 * Level 11.0 Polearms
 + Level 2.7 Throwing
 + Level 5.7 Armour
 - Level 0.2 Dodging
 - Level 0.2 Stealth
 + Level 6.1 Shields


You had 8 spell levels left.
You didn't know any spells.
Your spell library contained the following spells:

 Spells                   Type           Power        Failure   Level
 Beastly Appendage        Tmut           0%           100%        1
 Wereblood                Tmut           0%           100%        2
 Spider Form              Tmut/Pois      0%           100%        3
 Ice Form                 Ice/Tmut       0%           100%        4
 Blade Hands              Tmut           0%           100%        5


Dungeon Overview and Level Annotations

Branches:
Dungeon (7/15)             Temple (0/1) D:6          Bailey (1/1)

Altars:
Gozag
Hepliaklqana
Makhleb
Trog
Wu Jian
Xom


Innate Abilities, Weirdness & Mutations

You are partially covered in thin metallic scales. (AC +2)
Your skin changes colour to match your surroundings (Stealth+).
You are clumsy. (Dex -2)
You are frail. (-10% HP)
Your natural rate of healing is unusually fast.
Your muscles are strong. (Str +2)


Message History

The iron imp sputters.
You are too confused!
The ufetubus barely misses you.
The ufetubus hits you but does no damage.
Okay, then.
You are too confused!
You are too confused!
You feel less invigorated.
You feel less confused. The sixfirhy hits you!
* * * LOW HITPOINT WARNING * * *
The sixfirhy shocks you!
* * * LOW HITPOINT WARNING * * *
The sixfirhy hits you but does no damage.
You block the sixfirhy's attack. You block the ufetubus's attack.
The ufetubus closely misses you. The sixfirhy hits you.
* * * LOW HITPOINT WARNING * * *
The sixfirhy shocks you!
You die...
Your body crumbles into a pile of gold.

##.....####
##...####
###.55##
##...55##
##....5..##
#.......5.#
#....∩5.5.#
#......35.#
##....55@##
###...###
#####


You could see a sixfirhy (summoned), 3 iron imps, a crimson imp (summoned), 3
white imps, 2 shadow imps and 2 ufetubi.

Vanquished Creatures
  Joseph (D:7)
  A cane toad (shapeshifter) (D:6)
  Maggie (D:7)
  Prince Ribbit (D:6)
  Duvessa (D:6)
  An orc warrior (D:7)
  An ice beast (D:6)
  A phantom (D:7)
  An ogre (D:4)
  A centaur (D:7)
  Blork the orc (D:6)
  2 bullfrogs (D:7)
  A wyvern zombie (D:6)
  Dowan (D:6)
  5 wights (D:6)
  2 howler monkeys
  A bullfrog skeleton (D:7)
  2 jellies
  A bullfrog zombie (D:5)
  An orc priest (D:4)
  8 orc wizards
  Jessica (D:3)
  4 worker ants
  A worker ant zombie (D:6)
  4 gnolls (D:3)
  6 adders
  A shadow imp (D:5)
  An ufetubus (D:5)
  2 oozes
  2 adder skeletons
  3 worms
  4 leopard geckos
  19 orcs
  5 bats
  8 giant cockroaches
  7 hobgoblins
  17 jackals
  10 kobolds
  5 quokkas
  A ball python (D:2)
  2 frilled lizards (D:3)
  7 goblins
  A jackal skeleton (D:4)
  A leopard gecko zombie (D:5)
  A quokka skeleton (D:4)
  A quokka zombie (D:5)
  8 rats
157 creatures vanquished.

Vanquished Creatures (collateral kills)
  An adder (D:4)
  2 orcs (D:4)
3 creatures vanquished.

Grand Total: 160 creatures vanquished

Notes
Turn   | Place    | Note
-------+----------+-------------------------------------------
     0 | D:1      | BOMJPIETVODKU the Hill Orc Fighter began the quest for the
                  | Orb.
     0 | D:1      | Reached XP level 1. HP: 19/19 MP: 1/1
   100 | D:1      | Reached XP level 2. HP: 27/27 MP: 2/2
   941 | D:2      | Reached XP level 3. HP: 20/33 MP: 3/3
  1206 | D:2      | Reached skill level 3 in Polearms
  1277 | D:2      | Found a faded altar of an unknown god.
  1285 | D:2      | Became a worshipper of Xom of Malicious Giggling
  1297 | D:2      | XOM: silly message
  1299 | D:2      | XOM: silly message
  1323 | D:2      | Found an opulent altar of Gozag.
  1331 | D:2      | Fell from the grace of Xom
  1337 | D:2      | Became a worshipper of Gozag Ym Sagoz the Greedy
  1646 | D:2      | Reached XP level 4. HP: 29/40 MP: 4/4
  1774 | D:3      | Noticed Jessica
  1783 | D:3      | Killed Jessica
  1929 | D:3      | Reached skill level 1 in Throwing
  2099 | D:3      | You fall into a shaft and drop 1 floor!
  2243 | D:3      | Reached XP level 5. HP: 46/46 MP: 5/5
  2339 | D:3      | Reached skill level 4 in Polearms
  2344 | D:3      | Gained mutation: Your skin changes colour to match your
                  | surroundings (Stealth+). [potion of mutation]
  2344 | D:3      | Gained mutation: You are strong-willed. (Will+) [potion of
                  | mutation]
  2344 | D:3      | Gained mutation: You are partially covered in thin metallic
                  | scales. (AC +2) [potion of mutation]
  2344 | D:3      | Gained mutation: Your natural rate of healing is unusually
                  | fast. [potion of mutation]
  2449 | D:3      | XOM: summons 1 hostile shadow creature
  3005 | D:3      | XOM: god gift: wand of enslavement (13)
  3043 | D:4      | Found a hazy altar of Hepliaklqana.
  3132 | D:4      | Reached XP level 6. HP: 52/53 MP: 6/6
  3151 | D:4      | XOM: give mutations
  3151 | D:4      | Gained mutation: You are clumsy. (Dex -2) [Xom's mischief]
  3151 | D:4      | Gained mutation: You are somewhat resistant to further
                  | mutation. [Xom's mischief]
  3151 | D:4      | Lost mutation: You are strong-willed. (Will+) [Xom's
                  | mischief]
  3571 | D:4      | Reached skill level 5 in Polearms
  3947 | D:5      | Entered Level 5 of the Dungeon
  4096 | D:5      | Found a bloodstained altar of Trog.
  4239 | D:5      | Reached XP level 7. HP: 60/60 MP: 7/7
  4248 | D:5      | XOM: give mutation
  4248 | D:5      | Lost mutation: You are somewhat resistant to further
                  | mutation. [Xom's mischief]
  4308 | D:5      | XOM: torment (31/60 hp)
  4454 | D:5      | XOM: god gift: 22 stones
  4558 | D:5      | XOM: give mutations
  4558 | D:5      | Gained mutation: Scrolls take you a little longer to read.
                  | [Xom's mischief]
  4558 | D:5      | Lost mutation: Scrolls take you a little longer to read.
                  | [Xom's mischief]
  4634 | D:5      | XOM: blink monster(s)
  4642 | D:5      | Reached skill level 6 in Polearms
  4721 | D:5      | XOM: give mutation
  4721 | D:5      | Gained mutation: Your muscles are strong. (Str +2) [Xom's
                  | mischief]
  4922 | D:6      | Noticed a shapeshifter
  4922 | D:6      | a centaur changed into a shapeshifter
  4922 | D:6      | XOM: polymorph centaur -> shapeshifter
  4923 | D:6      | Noticed a cane toad
  4923 | D:6      | a shapeshifter changed into a cane toad
  4929 | D:6      | Killed a cane toad
  4930 | D:6      | Reached skill level 7 in Polearms
  5038 | D:6      | Reached skill level 5 in Fighting
  5038 | D:6      | Reached XP level 8. HP: 53/68 MP: 8/8
  5099 | D:6      | Noticed Prince Ribbit
  5114 | D:6      | Reached skill level 5 in Shields
  5154 | D:6      | Reached skill level 8 in Polearms
  5215 | D:6      | Killed Prince Ribbit
  5235 | D:6      | Noticed Duvessa
  5332 | D:6      | XOM: summons 2 hostile demons
  5387 | D:6      | Found an ornate altar of the Wu Jian Council.
  5420 | D:6      | Noticed Dowan
  5455 | D:6      | Killed Dowan
  5456 | D:6      | Reached skill level 9 in Polearms
  5529 | D:6      | Killed Duvessa
  5530 | D:6      | Reached skill level 5 in Armour
  5669 | D:6      | Noticed Blork the orc
  5678 | D:6      | Killed Blork the orc
  5679 | D:6      | Reached XP level 9. HP: 75/75 MP: 9/9
  5767 | D:6      | Found a staircase to the Ecumenical Temple.
  5953 | D:7      | Reached skill level 10 in Polearms
  5962 | D:7      | Found a burning altar of Makhleb.
  6097 | D:7      | XOM: give mutation
  6097 | D:7      | Gained mutation: You are frail. (-10% HP) [Xom's mischief]
  6174 | D:7      | XOM: divination: detect creatures
  6205 | D:7      | Found a flagged portal.
  6205 | D:7      | Noticed Joseph
  6224 | D:7      | Killed Joseph
  6225 | D:7      | Noticed Maggie
  6248 | D:7      | Killed Maggie
  6249 | D:7      | Reached skill level 11 in Polearms
  6275 | Bailey   | Entered a bailey
  6367 | Bailey   | XOM: summons 13 hostile demons
  6368 | Bailey   | Noticed a sixfirhy
  6392 | Bailey   | Slain by a sixfirhy

Illustrated notes

Levels and vault maps discovered:
D:1:      saegor_arrival_miasma, layout_basic
D:2:      layout_rooms, nicolae_gozag_cash_rules_everything_around_me,
          chequers_ecumenical_altar_simple
D:3:      layout_basic, minmay_misc_feat_hallway, uniq_jessica
D:4:      layout_basic, nzn_hepliaklqana_mist_gate, minmay_bisected
D:5:      layout_basic, lemuel_tele_altar
D:6:      layout_rooms, kennysheep_mini_moat, minmay_temple_entry_poolview,
          corexii_leaking_fountain, minmay_misc_feat_nine_boxes,
          uniq_blork_the_orc, uniq_prince_ribbit1, uniq_duvessa
D:7:      layout_loops_ring, bloody_makhleb, enter_bailey_1, grunt_ministairs_2,
          grunt_dithmenos_smoke, uniq_joseph, uniq_maggie
Bailey:   bailey_axe_4, bailey

Skill      XL: |  1  2  3  4  5  6  7  8  9 |
---------------+----------------------------+-----
Polearms       | 3 4 5 7 9 11 | 11.0
Fighting       | 4 5 6 |  6.6
Throwing       | 1 2 |  2.7
Shields        | 4 5 6 |  6.1
Armour         | 4 5 |  5.7
Dodging        | |  0.2
Stealth        | |  0.2

Action                   |  1- 3 |  4- 6 |  7- 9 || total
-------------------------+-------+-------+-------++-------
Melee: Trident           |   127 |   187 |   158 ||   472
       Spear             |       |       |   201 ||   201
Throw: Stone             |       |    31 |    52 ||    83
       Dart              |       |     7 |     4 ||    11
Invok: Renounce Religion |     1 |       |       ||     1
Evoke: Wand              |       |     2 |     2 ||     4
  Use: Scroll            |     4 |     5 |     1 ||    10
       Potion            |     2 |     6 |     6 ||    14
 Stab: Sleeping          |     2 |     2 |       ||     4
       Distracted        |       |       |     1 ||     1
Armor: Scale mail        |     9 |       |       ||     9
       Leather armour    |    15 |    49 |       ||    64
       Chain mail        |     2 |    16 |   112 ||   130
Dodge: Dodged            |    30 |    45 |   118 ||   193
Block: Kite shield       |    55 |    92 |   132 ||   279
